 Dungeon Crawl Stone Soup version 0.31-a0-521-gc7390f8997 (webtiles) character file.

Game seed: 14513188807633733763

16276 Shayle the Fighter (level 12, -5/216 HPs)
             Began as an Ogre Shapeshifter on Aug 10, 2023.
             Was a Priest of Ashenzari.
             Slain by a yak (16 damage)
             ... on level 3 of the Lair of Beasts.
             The game lasted 00:27:24 (16005 turns).

Shayle the Fighter (Ogre Shapeshifter)             Turns: 16005, Time: 00:27:24

Health: -5/216     AC:  3    Str: 22    XL:     12   Next: 35%
Magic:  18/19      EV: 10    Int: 13    God:    Ashenzari [***...]
Gold:   680        SH:  0    Dex:  9    Spells: 20/20 levels left

rFire   . .          .
                       - Unarmed
rCold   . . .        (shield currently unavailable)
rNeg    . . .        a - +0 animal skin "Cursed Together" {Cun, Self} (curse)
rPois   +            (helmet restricted)
rElec   .            (no cloak)
rCorr   .            (gloves unavailable)
SInv    +            (boots unavailable)
Will    +....        k - amulet "Omniscient Mutualism" {Acrobat, Melee, Elem} (curse) Stlth
                     m - ring "I Knew You'd Do That" {Wiz, Dev, Elem} (curse)
HPRegen 0.56/turn    t - ring of the Stellar Mistrust {rPois, Bglg, Self} (curse)
MPRegen 0.16/turn

%: acrobat, clarity, wizardry (x1)
@: berserking, flux-form, glowing, invisible (but backlit and visible), very
quick
A: glow, contaminating, large, unfitting armour, tough skin 1
a: Begin Untransformation, Renounce Religion, Curse Item, Shatter the Chains


You were on level 3 of the Lair of Beasts.
You worshipped Ashenzari.
Ashenzari was most pleased with you.
You were something dangerously unstable.
You visited 3 branches of the dungeon, and saw 14 of its levels.

You collected 830 gold pieces.
You spent 150 gold pieces at shops.

Inventory:

Hand Weapons
 o - a +0 broad axe
 F - a +1 scimitar of flaming
Missiles
 J - 2 throwing nets
Armour
 a - the cursed +0 animal skin "Cursed Together" (worn) {Cun, Self}

   It has a curse which improves the following skills: Cunning: Dodging and
   Stealth.
   Introspection: Fighting and Spellcasting.
 x - a scarf of resistance
Jewellery
 k - the cursed amulet "Omniscient Mutualism" (around neck) {Acrobat, Melee, Elem}
   (You found it on level 5 of the Dungeon)

   [amulet of the acrobat]

   Acrobat:   It increases your evasion while moving and waiting.
   It has a curse which improves the following skills: Melee Combat: Short
   Blades, Long Blades, Axes, Maces & Flails, Polearms, Staves and Unarmed
   Combat.
   Elements:  Fire Magic, Ice Magic, Air Magic and Earth Magic.
 m - the cursed ring "I Knew You'd Do That" (left hand) {Wiz, Dev, Elem}
   (You found it on level 3 of the Dungeon)

   [ring of wizardry]

   Wiz:       It improves your spell success rate.
   It has a curse which improves the following skills: Devices: Evocations and
   Shapeshifting.
   Elements:  Fire Magic, Ice Magic, Air Magic and Earth Magic.
 r - a ring of ice
 t - the cursed ring of the Stellar Mistrust (right hand) {rPois, Bglg, Self}
   (You found it on level 5 of the Dungeon)

   [ring of poison resistance]

   rPois:     It protects you from poison It has a curse which improves the
   following skills: Beguiling: Conjurations, Hexes and Translocations.
   Introspection: Fighting and Spellcasting.
 y - a ring of see invisible
 B - a ring of protection from cold
Talismans
 c - a beast talisman
 d - a flux talisman (active)
Wands
 p - a wand of iceblast (12)
 v - a wand of flame (2)
 E - a wand of polymorph (5)
Scrolls
 e - 2 scrolls of fear
 g - a scroll of amnesia
 h - a scroll of brand weapon
 j - a scroll of vulnerability
 l - a scroll of revelation
 n - 2 scrolls of fog
 s - 4 scrolls of identify
 w - 2 scrolls of enchant armour
 H - 2 scrolls of poison
 I - 2 scrolls of enchant weapon
 K - a scroll of butterflies
 L - a scroll of silence
Potions
 b - 2 potions of lignification
 z - 2 potions of enlightenment
 A - 2 potions of might
 C - a potion of magic
 D - a potion of ambrosia


   Skills:
 + Level 13.6(15.7) Fighting
 - Level 1.7(2.8) Dodging
 + Level 12.3(13.8) Unarmed Combat
 + Level 2.8(4.7) Spellcasting
 + Level 9.3(10.8) Shapeshifting


You had 20 spell levels left.
You didn't know any spells.
Your spell library contained the following spells:

 Spells                   Type           Power      Damage    Failure   Level
 Apportation              Tloc           6%         N/A       8%          1
 Foxfire                  Conj/Fire      12%        2x1d4     8%          1
 Magic Dart               Conj           12%        1d3       8%          1
 Necrotise                Necr           12%        1d4       8%          1
 Summon Small Mammal      Summ           12%        N/A       8%          1
 Blink                    Tloc           6%         N/A       11%         2
 Lesser Beckoning         Tloc           6%         N/A       11%         2
 Momentum Strike          Conj/Tloc      6%         3d8       11%         2
 Searing Ray              Conj           6%         2d4       11%         2
 Inner Flame              Hex/Fire       3%         N/A       21%         3
 Ozocubu's Armour         Ice            3%         N/A       21%         3
 Stone Arrow              Conj/Erth      6%         3d7       21%         3
 Vhi's Electric Charge    Tloc/Air       6%         N/A       21%         3
 Leda's Liquefaction      Hex/Erth       1%         N/A       54%         4
 Animate Armour           Summ/Erth      6%         N/A       56%         4
 Summon Lightning Spire   Summ/Air       3%         N/A       56%         4
 Arcjolt                  Conj/Air       1%         1d11      86%         5
 Lee's Rapid Deconstruct  Erth           1%         3d4*      86%         5
 Summon Forest            Summ/Tloc      1%         N/A       87%         5
 Summon Mana Viper        Hex/Summ       3%         N/A       87%         5
 Yara's Violent Unravell  Hex/Tmut       1%         3d3       87%         5
 Leda's Unmaking          Conj/Erth      1%         9d1       100%        6
 Plasma Beam              Fire/Air       1%         2x1d11    100%        6
 Summon Cactus Giant      Summ           1%         N/A       100%        6
 Enfeeble                 Hex            1%         N/A       100%        7
 Ozocubu's Refrigeration  Ice            1%         4d7       100%        7


Dungeon Overview and Level Annotations

Branches:
Dungeon (10/15)            Temple (1/1) D:5            Lair (3/5) D:9
  Swamp: Lair:2-3    Shoals: Lair:2-3     Snake: Lair:2-3    Spider: Lair:2-3
    Orc: D:9-12

Altars:
Ashenzari
Cheibriados
Dithmenos
Elyvilon
Fedhas
Gozag
Hepliaklqana
Kikubaaqudgha
Makhleb
Nemelex Xobeh
Okawaru
Qazlal
Ru
Sif Muna
Trog
Uskayaw
Vehumet
Wu Jian
Xom
Yredelemnul
Zin
The Shining One

Shops:
D:3 !   D:7 *

Annotations:
D:6 4 runed translucent doors
Lair:3 3 runed translucent doors, Newt's ghost, adept GrFi


Innate Abilities, Weirdness & Mutations

You are something dangerously unstable.
You glow with magical radiation, making you easy to see and hit.
Foes you strike become dangerously contaminated with magical radiation.
You are incapable of wielding weapons or throwing items.
You are too large for most types of armour.
You have tough skin. (AC +1)


Message History

The yak shudders as magic cascades through it!
The yak twists and deforms.
The yak is almost dead.
The yak gores you! x2; The yak barely misses you.
You become transparent, but the glow from your form prevents you from becoming completely invisible.
The yak gores you! The yak misses you. The yak barely misses you.
You closely miss the yak.
The yak is almost dead.
You hit the yak.
The yak glows dangerously bright.
The yak is lightly wounded.
The yak gores you but does no damage. The yak gores you.
You hit the yak.
The yak shudders as magic cascades through it!!!
You kill the yak!
The yak gores you but does no damage.
A red film seems to cover your vision as you go berserk!
You feel yourself moving faster!
You feel mighty! The yak gores you! The yak gores you. The yak gores you!
* * * LOW HITPOINT WARNING * * *
You punch the yak!
You kill the yak!
You barely miss the yak. The yak gores you.
* * * LOW HITPOINT WARNING * * *
The yak gores you!
* * * LOW HITPOINT WARNING * * *
You pummel the yak!!
The yak begins to glow.
The yak is heavily wounded.
You punch the yak!
The yak glows dangerously bright.
The yak is severely wounded.
The yak gores you!
* * * LOW HITPOINT WARNING * * *
The yak gores you!
* * * LOW HITPOINT WARNING * * *
You hit the yak.
The yak shudders as magic cascades through it!
You kill the yak!
You punch the yak!
The yak begins to glow.
The yak is moderately wounded.
The yak gores you!
You die...

,** *, ,*
#
#.##+####
,*
........#
,
>.......#
........#
,
........#
.......†##
, ,
.......†B#
,
.......Y##
*........#
.P.######
* ###*


You could see a yak (contam).

Vanquished Creatures
  Harold (Lair:1)
  A hydra (Lair:2)
  A boulder beetle (D:9)
  Erica (D:9)
  A manticore (D:9)
  2 torpor snails (Lair:1)
  2 black mambas (Lair:1)
  2 cane toads (Lair:1)
  2 unseen horrors
  A rime drake (Lair:1)
  2 komodo dragons (Lair:1)
  4 blink frogs (Lair:1)
  A shadow (D:10)
  26 yaks
  Eustachio (Temple)
  A basilisk (Lair:1)
  Menkaure (D:4)
  5 water moccasins (Lair:1)
  3 sky beasts
  3 orc warriors
  3 ice beasts
  A black bear (Lair:1)
  2 ogres
  9 wolves
  5 centaurs
  4 phantoms
  Blork the orc (D:6)
  7 bullfrogs
  2 scorpions
  A gnoll sergeant (D:9)
  7 wights (D:8)
  A killer bee (D:6)
  6 hounds
  4 gnoll boudas
  An orc priest (D:9)
  A jelly (D:8)
  4 iguanas
  3 sleepcaps
  8 orc wizards
  3 hell rats (Lair:1)
  23 gnolls
  9 adders
  5 river rats (Lair:1)
  A white imp (D:6)
  3 ufetubi
  A worm (D:4)
  2 dart slugs
  27 orcs
  4 bats
  6 endoplasms
  4 giant cockroaches
  3 goblins
  8 hobgoblins
  3 jackals
  7 quokkas
  9 ball pythons
  3 frilled lizards
  5 kobolds
  14 rats
271 creatures vanquished.

Notes
Turn   | Place    | Note
-------+----------+-------------------------------------------
     0 | D:1      | Shayle the Ogre Shapeshifter began the quest for the Orb.
     0 | D:1      | Reached XP level 1. HP: 19/19 MP: 1/1
   145 | D:1      | Reached XP level 2. HP: 20/27 MP: 2/2
   369 | D:1      | Reached XP level 3. HP: 30/33 MP: 3/3
   966 | D:2      | Got Vehumet's Volume of Injury
  1283 | D:2      | Reached XP level 4. HP: 41/41 MP: 4/4
  2188 | D:3      | Found Idwewn's Distillery.
  2193 | D:3      | Bought a potion of invisibility for 80 gold pieces
  2193 | D:3      | Bought a potion of curing for 30 gold pieces
  2193 | D:3      | Bought a potion of might for 40 gold pieces
  2200 | D:3      | Found a faded altar of an unknown god.
  2391 | D:4      | Noticed an ogre
  2552 | D:4      | Killed an ogre
  2553 | D:4      | Reached skill level 5 in Unarmed Combat
  2553 | D:4      | Reached XP level 5. HP: 32/48 MP: 5/5
  2763 | D:4      | Reached XP level 6. HP: 40/55 MP: 6/6
  2983 | D:4      | Found an opulent altar of Gozag.
  3052 | D:4      | Noticed Menkaure
  3061 | D:4      | HP: 2/55 [Menkaure (24)]
  3062 | D:4      | Killed Menkaure
  3795 | D:5      | Entered Level 5 of the Dungeon
  3806 | D:5      | Reached XP level 7. HP: 60/62 MP: 7/7
  3969 | D:5      | Found a staircase to the Ecumenical Temple.
  3973 | D:5      | Noticed Eustachio
  3979 | Temple   | Entered the Ecumenical Temple
  4209 | Temple   | Became a worshipper of Ashenzari the Shackled
  4293 | Temple   | Killed Eustachio
  4559 | D:5      | Reached skill level 2 in Fighting
  5146 | D:6      | Reached XP level 8. HP: 52/74 MP: 8/8
  5295 | D:6      | Reached skill level 3 in Fighting
  5404 | D:6      | Found a snail-covered altar of Cheibriados.
  5668 | D:6      | Reached skill level 4 in Fighting
  5742 | D:6      | Noticed Blork the orc
  5749 | D:6      | Killed Blork the orc
  5842 | D:6      | Found a large runed translucent door.
  5844 | D:6      | Found a large runed translucent door.
  5850 | D:6      | Noticed a yak
  5862 | D:6      | Found a large runed translucent door.
  5862 | D:6      | Found a large runed translucent door.
  6117 | D:6      | Noticed a yak
  6124 | D:6      | Killed a yak
  6125 | D:6      | Reached skill level 5 in Fighting
  6136 | D:6      | Reached XP level 9. HP: 32/89 MP: 9/9
  6138 | D:6      | Reached skill level 6 in Fighting
  6337 | D:6      | Killed an unseen horror
  6338 | D:6      | Reached skill level 5 in Shapeshifting
  6934 | D:6      | Reached skill level 7 in Fighting
  7248 | D:7      | Reached * piety under Ashenzari
  7372 | D:7      | Found a shimmering altar of Xom.
  7796 | D:7      | Found Zin's Purification Station.
  7798 | D:7      | Found a glowing silver altar of Zin.
  7943 | D:8      | Reached skill level 8 in Fighting
  8180 | D:8      | Reached XP level 10. HP: 60/107 MP: 10/10
  8302 | D:8      | Reached skill level 10 in Unarmed Combat
  8527 | D:8      | Found a hide-covered altar of Uskayaw.
  8703 | D:8      | Reached skill level 9 in Fighting
  9270 | D:9      | Noticed a manticore
  9280 | D:9      | Killed a manticore
  9857 | D:9      | Reached skill level 10 in Fighting
 10270 | D:9      | Noticed Erica
 10281 | D:9      | Killed Erica
 10613 | D:9      | Found a staircase to the Lair.
 10921 | D:9      | Reached ** piety under Ashenzari
 11026 | Lair:1   | Entered Level 1 of the Lair of Beasts
 11065 | Lair:1   | Found a broken altar of Ashenzari.
 11101 | Lair:1   | Noticed a cane toad
 11162 | Lair:1   | Noticed a boulder beetle
 11286 | D:10     | Entered Level 10 of the Dungeon
 11552 | D:10     | Reached XP level 11. HP: 92/123 MP: 11/11
 11735 | D:10     | Reached skill level 11 in Fighting
 11965 | D:10     | Found a burning altar of Makhleb.
 12614 | D:10     | Found a glowing golden altar of the Shining One.
 12615 | D:10     | Reached *** piety under Ashenzari
 12851 | D:9      | Killed a boulder beetle
 13283 | Lair:1   | Reached skill level 12 in Fighting
 13798 | Lair:1   | Noticed Harold
 14488 | Lair:1   | Killed Harold
 14495 | Lair:1   | Reached skill level 13 in Fighting
 14495 | Lair:1   | Reached XP level 12. HP: 41/141 MP: 12/12
 15039 | Lair:1   | HP: 4/143 [rime drake/icy flash freeze (20)]
 15043 | Lair:1   | HP: 1/143 [rime drake (5)]
 15045 | Lair:1   | Reached skill level 1 in Spellcasting
 15708 | Lair:2   | Noticed a four-headed hydra
 15748 | Lair:2   | Killed a four-headed hydra
 15952 | Lair:2   | You fall into a shaft and drop 1 floor!
 15970 | Lair:3   | Found a runed translucent gate.
 15970 | Lair:3   | Found a runed translucent gate.
 15970 | Lair:3   | Found a runed translucent gate.
 15971 | Lair:3   | Noticed Newt's ghost (adept GrFi)
 15983 | Lair:3   | Noticed a death yak
 16003 | Lair:3   | HP: 10/216 [yak (15)]
 16005 | Lair:3   | Slain by a yak

Illustrated notes

Levels and vault maps discovered:
D:1:      nagdon_arrival_double_spiral, layout_basic, minmay_tromino_mix6
D:2:      layout_basic
D:3:      layout_basic, hellmonk_ecumenical_altar_leap_of_faith, serial_shops,
          nicolae_shop_trees, nrook_loot_triangle
D:4:      layout_gridville, grunt_gozag_breadcrumbs, serial_glass,
          glass_columns_a, glass_columns_a, due_unseen_surprise, uniq_menkaure
D:5:      layout_basic, minmay_temple_entry_slanted, uniq_eustachio
D:6:      layout_gridville, cheibriados_altar_1, minmay_hollow_rounded_squares,
          uniq_blork_the_orc
D:7:      layout_gridville, mainiacjoe_overflow_tiny_flanked, zin_purify,
          skrybe_limestone_x, serial_park_tiny_1
D:8:      layout_basic, eat_drink_and_be_merry_uskayaw
D:9:      layout_loops_cross, lair_entry_dummy, uniq_erica
D:10:     minmay_klotski, layout_stronghold, mainiacjoe_overflow_cross_hatched,
          tso_oasis_becter
Temple:   regret_index_temple_waves
Lair:1:   lemuel_ratsnest, layout_chaotic_city, basic_altar, nzn_random_ring,
          uniq_harold
Lair:2:   layout_chaotic_city
Lair:3:   layout_roguey, swamp_mist, dummy_spider_entry,
          gammafunk_ghost_necromancy

Skill      XL: |  1  2  3  4  5  6  7  8  9 10 11 12 |
---------------+-------------------------------------+-----
Unarmed Combat | 3 4 5 7 8 9 11 12 | 12.3
Fighting       | 2 5 8 10 13 | 13.6
Shapeshifting  | 4 6 7 8 9 |  9.3
Spellcasting   | 2 |  2.8
Dodging        | |  1.7

Action                     |  1- 3 |  4- 6 |  7- 9 | 10-12 || total
---------------------------+-------+-------+-------+-------++-------
  Melee: Unarmed           |    97 |   106 |   249 |   464 ||   916
         Punch             |     5 |     4 |    16 |    28 ||    53
 Invoke: Curse Item        |       |       |     2 |     2 ||     4
  Evoke: Wand              |       |       |     2 |    17 ||    19
    Use: Potion            |       |     3 |     3 |     9 ||    15
         Scroll            |       |     4 |       |     5 ||     9
   Stab: Sleeping          |       |     1 |     1 |       ||     2
         Invisible         |       |       |       |     5 ||     5
 Armour: Animal skin       |    18 |    29 |    37 |    41 ||   125
  Dodge: Dodged            |    36 |    44 |   126 |   258 ||   464
   Form: Flux              |       |       |       |     1 ||     1

Table legend: (Time is in decaauts)
 A = Elapsed time spent in this place.
 B = Non-inter-level travel time spent in this place.
 C = Inter-level travel time spent in this place.
 D = Time resting spent in this place.
 E = Time spent auto-exploring this place.
 F = Levels seen in this place.
 G = Mean time per level.
                   A        B        C        D        E       F      G
               +--------+--------+--------+--------+--------+-----+--------+
         Total |  15844 |  15328 |    516 |   5759 |   7012 |  14 | 1131.7 |
       Dungeon |  13051 |  12648 |    403 |   4135 |   6555 |  10 | 1305.1 |
        Temple |    477 |    366 |    111 |    315 |      0 |   1 |  477.0 |
          Lair |   2316 |   2314 |      2 |   1309 |    457 |   3 |  772.0 |
               +--------+--------+--------+--------+--------+-----+--------+

Top non-repeatable levels by time:
     D:9: 3224 daAuts
  Lair:1: 1992 daAuts
     D:6: 1749 daAuts
     D:4: 1276 daAuts
     D:8: 1159 daAuts
    D:10: 1134 daAuts
     D:7: 1067 daAuts
     D:3: 941 daAuts
     D:5: 939 daAuts
     D:1: 810 daAuts
     D:2: 750 daAuts
  Temple: 477 daAuts
  Lair:2: 271 daAuts
  Lair:3: 51 daAuts
